AoeStats
← El Fantasma de Pancho Villa

African Clearing

506801957Analyzed
4v4 RM · 17d ago on Sep 15, 2026· 63m 52s· 8 players
Game mode
Random Map
Map size
Large (8 player)
Population
200
Speed
Normal
Resources
Standard
Victory
Conquest
Starting age
Dark Age
Ending age
Imperial Age
RankedLock teamsTeams togetherTeam positionsShared explorationLock speedFull tech treeHidden civsTurbo modeCheats
Victory
Defeat
🇨🇱 Vietnamese · Chile
1317
+11
🇨🇱 Japanese · Chile
1252
+13
🇨🇱 Tatars · Chile
1128
+18
🇨🇱 Persians · Chile
1011
+24
🇲🇽 Italians · Mexico
1263
-20
🇹🇼 Inca · Taiwan
1198
-17
1160
-15
🇺🇸 Maya · United States
1126
-14
Cuchorro
10:33 Loom
14:57 Feudal Age
16:30 Wheelbarrow
16:55 Horse Collar
17:10 Double-Bit Axe
17:54 Bloodlines
17:53 Scale Barding Armor
21:05 Forging
24:41 Castle Age
23:33 Forging
25:50 Husbandry
26:27 Hand Cart
26:19 Horse Collar
28:14 Gold Mining
28:16 Stone Mining
34:14 Caravan
39:57 Imperial Age
39:56 Gold Shaft Mining
40:29 Town Watch
41:27 Elite Steppe Lancer
42:44 Iron Casting
42:29 Chain Barding Armor
44:27 Blast Furnace
45:28 Plate Barding Armor
52:48 Fletching
54:47 Conscription
58:02 Silk Armor
Micho
6:43 Loom
14:41 Feudal Age
15:45 Double-Bit Axe
15:43 Horse Collar
18:40 Castle Age
19:42 Bow Saw
20:31 Heavy Plow
24:35 Gold Mining
26:07 Wheelbarrow
27:28 Hand Cart
32:01 Imperial Age
29:22 Treadmill Crane
30:30 Guard Tower
31:01 Ballistics
30:52 Fervor
30:35 Fletching
32:31 Masonry
32:18 Bodkin Arrow
32:38 Town Watch
32:59 Padded Archer Armor
34:04 Chemistry
33:36 Conscription
33:21 Yasama
34:44 Bracer
35:28 Keep
35:36 Conscription
35:18 Scale Mail Armor
35:29 Forging
38:17 Kataparuto
38:17 Murder Holes
39:49 Hoardings
41:22 Siege Engineers
41:05 Arrowslits
61:50 Caravan
62:16 Caravan
AiM | yunito000
12:26 Feudal Age
12:55 Feudal Age
13:49 Double-Bit Axe
13:55 Double-Bit Axe
16:27 Castle Age
14:29 Double-Bit Axe
14:51 Horse Collar
16:26 Loom
17:24 Bow Saw
24:14 Fletching
25:01 Ballistics
25:33 Padded Archer Armor
27:19 Bodkin Arrow
27:48 Town Watch
28:12 Heavy Plow
29:54 Wheelbarrow
31:09 Leather Archer Armor
33:38 Hand Cart
33:14 Gold Mining
33:15 Stone Mining
34:35 Stone Shaft Mining
37:09 Imperial Age
38:58 Chemistry
38:14 Bracer
38:44 Ring Archer Armor
39:21 Two-Man Saw
38:52 Crop Rotation
39:06 Elite Rattan Archer
43:58 Ring Archer Armor
45:28 Hoardings
48:44 Paper Money
51:54 Elite Skirmisher
54:04 Coinage
53:22 Imperial Skirmisher
58:16 Thumb Ring
58:57 Thumb Ring
60:13 Capped Ram
63:04 Treadmill Crane
64:13 Bloodlines
64:03 Husbandry
63:24 Elite Battle Elephant
FermiGame
3:59 Loom
14:31 Feudal Age
19:43 Castle Age
17:52 Town Watch
18:44 Wheelbarrow
18:55 Stone Mining
22:31 Hand Cart
25:06 Double-Bit Axe
25:17 Horse Collar
28:50 Gold Mining
31:24 Scale Barding Armor
31:45 Heavy Plow
35:52 Chain Barding Armor
35:44 Forging
53:38 Iron Casting
57:34 Imperial Age
58:51 Plate Barding Armor
59:17 Blast Furnace
58:34 Elite War Elephant
59:14 Kamandaran
60:44 Conscription
[GMEX] | The_Spartako
12:38 Loom
17:17 Feudal Age
19:38 Double-Bit Axe
20:02 Gold Mining
22:23 Castle Age
22:45 Fletching
23:26 Bow Saw
23:50 Bodkin Arrow
27:18 Padded Archer Armor
27:23 Horse Collar
29:18 Wheelbarrow
40:52 Imperial Age
38:42 Thumb Ring
40:18 Hand Cart
40:51 Ballistics
41:19 Masonry
41:49 Bracer
42:04 Leather Archer Armor
42:53 Chemistry
42:54 Architecture
42:58 Stone Mining
44:31 Ring Archer Armor
48:58 Scale Barding Armor
49:03 Forging
49:16 Light Cavalry
50:07 Bloodlines
49:57 Husbandry
51:21 Hussar
53:17 Elite Skirmisher
55:23 Chain Barding Armor
55:38 Iron Casting
55:46 Treadmill Crane
57:52 Two-Man Saw
59:31 Conscription
60:26 Blast Furnace
59:31 Heavy Plow
61:17 Hoardings
61:49 Crop Rotation
El Fantasma de Pancho Villa
4:00 Loom
14:58 Feudal Age
18:44 Castle Age
16:41 Double-Bit Axe
16:52 Stone Mining
18:16 Wheelbarrow
17:47 Double-Bit Axe
19:46 Fletching
19:59 Padded Archer Armor
20:52 Bodkin Arrow
22:50 Leather Archer Armor
27:46 Ballistics
30:23 Hand Cart
32:57 Thumb Ring
33:50 Gold Mining
37:54 Imperial Age
38:41 Bracer
39:51 Chemistry
40:16 Ring Archer Armor
45:21 Hul'che Javelineers
47:34 Bow Saw
47:29 Elite Skirmisher
[ GMEX ] Uhtred the Uhtred
6:17 Loom
13:25 Feudal Age
18:54 Castle Age
17:50 Double-Bit Axe
19:17 Forging
23:40 Wheelbarrow
24:42 Horse Collar
28:01 Bow Saw
28:43 Husbandry
33:36 Gold Mining
33:39 Stone Mining
37:05 Imperial Age
35:51 Iron Casting
35:39 Bloodlines
38:12 Conscription
39:30 Blast Furnace
39:10 Elite Mameluke
41:30 Scale Barding Armor
42:45 Light Cavalry
43:51 Chain Barding Armor
43:41 Hussar
53:37 Hand Cart
53:38 Treadmill Crane
牛奶罐
4:25 Loom
15:17 Feudal Age
19:38 Castle Age
17:43 Double-Bit Axe
18:28 Horse Collar
23:46 Wheelbarrow
25:32 Bow Saw
31:16 Gold Mining
31:31 Heavy Plow
35:16 Imperial Age
33:29 Squires
32:59 Pikeman
34:23 Gold Shaft Mining
34:13 Hand Cart
33:44 Town Watch
35:55 Scale Mail Armor
36:38 Conscription
38:25 Stone Mining
38:20 Capped Ram
39:36 Chain Mail Armor
39:31 Forging
39:44 Ballistics
39:42 Halberdier
39:50 Capped Ram
40:40 Thumb Ring
43:33 Fabric Shields
45:03 Plate Mail Armor
47:26 Iron Casting
46:42 Fletching
47:11 Siege Ram
50:59 Blast Furnace
49:22 Champi Runner
50:43 Champi Warrior
55:55 Elite Champi Warrior
Connection lost

Rejoining the realm…

Still unreachable

The connection could not be restored.

Session expired

The server has moved on; the page needs a fresh start.